 Dungeon Crawl Stone Soup version 0.29.0-4-gdea44cf6ec (webtiles) character file.

Game seed: 17766313017072981786

42 qw the Chopper (level 3, -1/23 HPs)
             Began as a Gargoyle Berserker on Sept 6, 2022.
             Was a Follower of Trog.
             Slain by a goblin
             ... wielding a +3 dagger
             ... led by Robin
              (4 damage)
             ... on level 2 of the Dungeon.
             The game lasted 00:00:27 (1333 turns).

qw the Chopper (Gargoyle Berserker)                 Turns: 1333, Time: 00:00:27

Health: -1/23      AC:  9    Str: 22    XL:     3   Next: 56%
Magic:  3/3        EV: 10    Int:  7    God:    Trog [*.....]
Gold:   59         SH:  0    Dex:  9    Spells: 2/2 levels left

rFire   + . .      SeeInvis .   Y - +0 hand axe
rCold   . . .      Faith    .   (no shield)
rNeg    + . .      Spirit   .   i - +0 scale mail
rPois   inf        Reflect  .   (no helmet)
rElec   +          Harm     .   (no cloak)
rCorr   .          Rampage  .   (no gloves)
Will    .....                   (no boots)
Stlth   ..........              (no amulet)
HPRegen 0.07/turn               h - ring of protection from fire
MPRegen 0.08/turn               (no ring)

@: on berserk cooldown, slowed, very slow
A: sickness immunity, AC +3, negative energy resistance 1, electricity
resistance, torment resistance 1, petrification resistance
a: Renounce Religion, Berserk


You were on level 2 of the Dungeon.
You worshipped Trog.
Trog was aware of your devotion.
You visited 1 branch of the dungeon, and saw 2 of its levels.

You collected 59 gold pieces.


Innate Abilities, Weirdness & Mutations

You are immune to sickness and miasma.
Your stone body is resilient. (AC +3)
You are immune to poison.
You resist negative energy. (rN+)
You are resistant to electric shocks. (rElec)
You are resistant to unholy torment.
You are immune to petrification.


   Skills:
 - Level 3.2 Fighting
 + Level 4.1 Axes
 - Level 2.1 Armour
 - Level 1.5 Dodging


You had 2 spell levels left.
You didn't know any spells.
Your spell library was empty.

Inventory:

Hand Weapons
 b - a +0 whip
 Y - a +0 hand axe (weapon)
Armour
 i - a +0 scale mail (worn)
Jewellery
 h - a ring of protection from fire (left hand)
Scrolls
 a - a scroll of enchant weapon {unknown}
 f - 3 scrolls of identify
Potions
 l - a potion of curing

Dungeon Overview and Level Annotations

Branches:
Dungeon (2/15)

Altars:


Message History

You are no longer berserk.
You are exhausted.
You feel yourself slow down.
The goblin shouts!
You hit the hobgoblin.
The hobgoblin is heavily wounded.
You hit the hobgoblin. You hit the plant.
The plant begins to die.
You hit the plant.
The plant begins to die.
The hobgoblin no longer looks unusually strong.
The hobgoblin splashes around in the water.
The hobgoblin hits the plant.
The hobgoblin hits you but does no damage.
Your unstable footing causes you to fumble your attack.
A nearby plant withers and dies. x2; The hobgoblin closely misses you. x2
1330 ||| Stepping ~*~*~tactically~*~*~ (water).
A nearby plant withers and dies.
The goblin no longer looks unusually strong.
The hobgoblin closely misses you. The hobgoblin hits you.
You hit the hobgoblin but do no damage.
The hobgoblin is heavily wounded.
You hit the hobgoblin.
You kill the hobgoblin!
Trog accepts your kill.
You hit the hobgoblin.
You kill the hobgoblin!
Trog accepts your kill.
The hobgoblin no longer looks unusually strong.
The hobgoblin hits you.
A hobgoblin comes into view.
The hobgoblin barely misses you.
You closely miss the hobgoblin.
The hobgoblin is moderately wounded.
The hobgoblin splashes around in the water.
The goblin hits you with a +3 dagger.
You barely miss the hobgoblin.
The hobgoblin is moderately wounded.
You barely miss the goblin.
The hobgoblin hits you but does no damage.
The goblin hits you with a +3 dagger.
You die...

#.#.........
##........#
#........#
#........##
##.).......
##)..P.....
#)))~~PPP.#
##~~~~~7~~~#
#@g~77777PP#
#g%~7 ~P.
#g~77 P.
#..~ ##.~.
###.. .~.
.#.. ..##


You could see 2 hobgoblins and a goblin.

Vanquished Creatures
  Robin (D:2)
  A dart slug (D:1)
  2 ball pythons (D:1)
  2 bats
  4 endoplasms
  8 goblins
  4 hobgoblins
  2 kobolds
  2 rats
26 creatures vanquished.

Vanquished Creatures (others)
  14 plants (D:2)
14 creatures vanquished.

Grand Total: 40 creatures vanquished

Notes
Turn   | Place    | Note
-------+----------+-------------------------------------------
     0 | D:1      | qw the Gargoyle Berserker began the quest for the Orb.
     0 | D:1      | Reached XP level 1. HP: 14/14 MP: 1/1
     0 | D:1      | 0 ||| qw: Version: 0.1-a-108-g9e35731
     0 | D:1      | 0 ||| qw: Game counter: 6229
     0 | D:1      | 0 ||| qw: Always use a shield: true
     0 | D:1      | 0 ||| qw: Do Orc after D:15 true
     0 | D:1      | 0 ||| qw: Do second Lair branch before Depths: true
     0 | D:1      | 0 ||| qw: Lair rune preference: random
     0 | D:1      | 0 ||| qw: Plans: Normal
     0 | D:1      | 0 ||| PLANNING D:1-11
   252 | D:1      | Reached skill level 3 in Axes
   507 | D:1      | Reached XP level 2. HP: 19/19 MP: 2/2
   590 | D:1      | 590 ||| Stepping ~*~*~tactically~*~*~ (hiding).
   972 | D:1      | Found a faded altar of an unknown god.
  1077 | D:1      | 1077 ||| UPGRADING to +0 scale mail.
  1087 | D:1      | 1087 ||| DROPPING +0 animal skin.
  1088 | D:1      | 1088 ||| UPGRADING to ring of protection from fire.
  1089 | D:1      | 1089 ||| READING scroll labelled NIGUADD COIRGHOYKH.
  1090 | D:1      | 1090 ||| READING scroll labelled DATITRU YGYOSK.
  1091 | D:1      | 1091 ||| READING scroll labelled UKHUZUOHAYP.
  1092 | D:1      | 1092 ||| READING 5 scrolls labelled NISOILIPLA.
  1093 | D:1      | 1093 ||| READING scroll labelled ASO JISAECO.
  1094 | D:1      | 1094 ||| DRINKING 2 brown potions.
  1095 | D:1      | 1095 ||| READING 4 scrolls of identify.
  1095 | D:1      | 1095 ||| IDENTIFYING yellow potion
  1096 | D:1      | 1096 ||| DROPPING potion of degeneration.
  1111 | D:2      | 1111 ||| STAIRDANCE
  1120 | D:2      | 1120 ||| STAIRDANCE
  1239 | D:2      | 1239 ||| DROPPING +0 club.
  1310 | D:2      | Reached XP level 3. HP: 23/23 MP: 3/3
  1311 | D:2      | Noticed Robin
  1318 | D:2      | 1318 ||| INVOKING Berserk.
  1324 | D:2      | Killed Robin
  1325 | D:2      | Reached skill level 4 in Axes
  1330 | D:2      | 1330 ||| Stepping ~*~*~tactically~*~*~ (water).
  1330 | D:2      | HP: 5/23 [hobgoblin[Robin] (2)]
  1333 | D:2      | Slain by a goblin

Levels and vault maps discovered:
D:1:      wander_arrival_estate, layout_loops_ring,
          ebering_ecumenical_altar_hall, hangedman_decor_lopped
D:2:      minmay_general_purpose_star, layout_rooms, serial_bayou,
          serial_bayou_pond_e, serial_bayou_pond_b, serial_bayou_pond_d,
          serial_bayou_pond_c, serial_bayou_shore_b, serial_bayou_crossing,
          chequers_serial_rivers_large_a, uniq_robin, uniq_natasha

Skill      XL: |  1  2  3 |
---------------+----------+-----
Axes           | 3 4 |  4.1
Fighting       | |  3.2
Armour         | |  2.1
Dodging        | |  1.5

Action                   || total
-------------------------++-------
Melee: Hand axe          ||    66
Invok: Berserk           ||     1
  Use: Scroll            ||     6
       Potion            ||     1
Armor: Animal skin       ||    13
       Scale mail        ||    13
Dodge: Dodged            ||    33

Table legend:
 A = Non-vault XP
 B = Vault XP
 C = Vault XP percentage of total XP
 D = Non-vault monster count
 E = Vault monster count
 F = Vault count percentage of total count
                 A         B        C        D         E       F
            +---------+---------+-------+---------+---------+-------
      Total |      33 |      28 |  45.9 |      18 |       8 |  30.8
            +---------+---------+-------+---------+---------+-------
        D:1 |      23 |       0 |   0.0 |      12 |       0 |   0.0
        D:2 |      10 |      28 |  73.7 |       6 |       8 |  57.1
            +---------+---------+-------+---------+---------+-------
